[Event "FIDE World Rapid Chess Championship 2021"]
[White "Kozak, Adam"]
[Black "Movsesian, Sergei"]
[WhiteFideId "753246"]
[BlackFideId "310204"]
[WhiteElo "2552"]
[BlackElo "2667"]
[Result "1/2-1/2"]
[Round "13"]
[TimeControl "900+10"]
[Date "2021.12.28"]
[WhiteClock "0:00:54"]
[BlackClock "0:00:59"]

1. e4 c5 2. Nf3 e6 3. d4 cxd4 4. Nxd4 Nc6 5. Nc3 a6 6. g3 d6 7. Bg2 Bd7 8. O-O Be7 9. Nxc6 Bxc6 10. Bf4 Qc7 11. a4 Nf6 12. Re1 Nd7 13. a5 O-O 14. Nd5 Bxd5 15. exd5 e5 16. Bd2 Rac8 17. Rc1 f5 18. b4 e4 19. f3 Bf6 20. fxe4 Bb2 21. Rb1 Bd4+ 22. Kh1 Qxc2 23. Bf4 Be5 24. Qxc2 Rxc2 25. Bh3 g5 26. Bxg5 fxe4 27. Rf1 Rxf1+ 28. Rxf1 Nf8 29. Be7 Ng6 30. Be6+ Kh8 31. Bg5 Bd4 32. Rd1 Bg7 33. Bf5 Rc4 34. Rc1 Rxc1+ 35. Bxc1 Bc3 36. Bc8 Bxb4 37. Bxb7 Bxa5 38. Bxa6 Ne7 39. Bc4 Kg7 40. Kg2 Kf6 41. Bb2+ Kf5 42. Bc1 Bc3 43. Bf4 Be5 44. Be3 Bc3 45. Bf4 Bb4 46. h3 Ng6 47. Be2 Nxf4+ 48. gxf4 Kxf4 49. Bg4 Be1 50. Kf1 Bh4 51. Ke2 Ke5 52. Be6 h6 53. Bg8 1/2-1/2


[Site "http://www.Chess.com"]

[Event "FIDE World Rapid Chess Championship 2021"]
[White "Demchenko, Anton"]
[Black "Vokhidov, Shamsiddin"]
[WhiteFideId "4160258"]
[BlackFideId "14204223"]
[WhiteElo "2666"]
[BlackElo "2546"]
[Result "1/2-1/2"]
[Round "13"]
[TimeControl "900+10"]
[Date "2021.12.28"]
[WhiteClock "0:01:42"]
[BlackClock "0:01:26"]

1. e4 c5 2. Nf3 d6 3. d4 cxd4 4. Qxd4 Nc6 5. Qe3 g6 6. h3 Bg7 7. Nc3 Nf6 8. Bc4 O-O 9. O-O Nd7 10. Rd1 Nb6 11. Bb3 Bd7 12. Qf4 Ne5 13. Nxe5 Bxe5 14. Qh4 Bf6 15. Bg5 Bxg5 16. Qxg5 Rc8 17. Rd4 Rc5 18. Qh6 Rh5 19. Qe3 Qc7 20. Nd5 Nxd5 21. exd5 Re5 22. Qh6 Rh5 23. Qd2 Re8 24. c3 e5 25. dxe6 Bxe6 26. Rxd6 Bxb3 27. axb3 Rhe5 28. Rd7 Re1+ 29. Rxe1 Rxe1+ 30. Qxe1 Qxd7 31. c4 h5 32. g3 Qd4 33. Qc3 Qe4 34. h4 a6 35. c5 Qd5 36. b4 Qe4 37. b3 Qd5 38. Qe3 Qc6 39. Qd3 Kg7 40. Kf1 Kg8 41. Qd8+ Kh7 42. Qd4 Kg8 43. Qc4 Qf3 44. Ke1 Kf8 45. b5 axb5 46. Qxb5 Qe4+ 47. Kf1 Qh1+ 48. Ke2 Qe4+ 49. Kd2 Qd4+ 50. Ke1 Qe4+ 51. Kd1 Qd4+ 52. Ke2 Qe4+ 1/2-1/2


[Site "http://www.Chess.com"]

[Event "FIDE World Rapid Chess Championship 2021"]
[White "Antipov, Mikhail Al."]
[Black "Indjic, Aleksandar"]
[WhiteFideId "4107012"]
[BlackFideId "911925"]
[WhiteElo "2644"]
[BlackElo "2544"]
[Result "1-0"]
[Round "13"]
[TimeControl "900+10"]
[Date "2021.12.28"]
[WhiteClock "0:00:37"]
[BlackClock "0:00:11"]

1. e4 e5 2. Nf3 Nf6 3. Nxe5 d6 4. Nd3 Nxe4 5. Qe2 Qe7 6. Nf4 Nf6 7. d4 Nc6 8. Be3 g5 9. Nd3 h6 10. Nc3 Bg7 11. h4 Bf5 12. d5 Bxd3 13. Qxd3 Ne5 14. Qf5 Nfg4 15. Rh3 Qd7 16. Qxd7+ Kxd7 17. Bd2 Rae8 18. Be2 Nc4 19. Bc1 f5 20. Kf1 Bxc3 21. bxc3 Rxe2 22. Kxe2 Re8+ 23. Kf1 f4 24. hxg5 hxg5 25. Rb1 b6 26. Rh5 Nce5 27. f3 Nf6 28. Rxg5 Rh8 29. Kg1 Nxd5 30. Bd2 Kc6 31. Rd1 b5 32. Re1 Nc4 33. Rxd5 Kxd5 34. Bxf4 Na3 35. Bc1 Nc4 36. Re7 Kc6 37. f4 Nb6 38. Re2 Nd5 39. Bd2 Nf6 40. Kf2 Kd7 41. Kf3 d5 42. g4 Ne4 43. g5 Rh1 44. Rxe4 dxe4+ 45. Kxe4 Rh2 46. Be3 Rxc2 47. g6 Ke8 48. f5 Rxc3 49. Bxa7 Rg3 50. Bc5 b4 51. Ke5 Rc3 52. Bxb4 Rc4 53. a3 c5 54. Bd2 Rg4 55. Be3 c4 56. Bd4 Kf8 57. a4 c3 58. Bxc3 Rxa4 59. Bd4 Ra5+ 60. Kf6 Kg8 61. Ke6 Ra6+ 62. Kd5 Ra5+ 63. Ke4 Rb5 64. Bc3 Rc5 65. Bb2 Rc7 66. f6 Ra7 67. Bc3 Rb7 68. Bd4 Rd7 69. Ke5 Rb7 70. Ke6 Rg7 71. f7+ Rxf7 72. gxf7+ Kh7 73. f8=Q 1-0


[Site "http://www.Chess.com"]

[Event "FIDE World Rapid Chess Championship 2021"]
[White "Predke, Alexandr"]
[Black "Gagunashvili, Merab"]
[WhiteFideId "24107581"]
[BlackFideId "13601652"]
[WhiteElo "2630"]
[BlackElo "2538"]
[Result "1-0"]
[Round "13"]
[TimeControl "900+10"]
[Date "2021.12.28"]
[WhiteClock "0:02:52"]
[BlackClock "0:03:29"]

1. d4 d5 2. c4 c6 3. Nf3 Nf6 4. Qc2 e6 5. Bg5 Be7 6. e3 Nbd7 7. Bd3 O-O 8. O-O h6 9. Bh4 a6 10. Rd1 b6 11. Nc3 Bb7 12. a3 c5 13. cxd5 Nxd5 14. Bg3 cxd4 15. Nxd5 Bxd5 16. Nxd4 Nc5 17. Bh7+ Kh8 18. e4 Kxh7 19. exd5+ Kh8 20. b4 Nb7 21. Nc6 Qd7 22. dxe6 Qc8 23. Rd7 Bf6 24. Rad1 Re8 25. Nd4 Qxc2 26. Nxc2 Nd8 27. exf7 Rf8 28. Ne3 Rxf7 29. R7d6 b5 30. Ng4 Be7 31. Rd7 Bg5 32. f4 Rxd7 33. Rxd7 h5 34. fxg5 hxg4 35. Be5 Ne6 36. Re7 Nxg5 37. Rxg7 1-0


[Site "http://www.Chess.com"]

[Event "FIDE World Rapid Chess Championship 2021"]
[White "Ivic, Velimir"]
[Black "Santos Latasa, Jaime"]
[WhiteFideId "950122"]
[BlackFideId "2293307"]
[WhiteElo "2357"]
[BlackElo "2618"]
[Result "1/2-1/2"]
[Round "13"]
[TimeControl "900+10"]
[Date "2021.12.28"]
[WhiteClock "0:00:57"]
[BlackClock "0:02:03"]

1. d4 Nf6 2. Nf3 d5 3. Bf4 e6 4. e3 Bd6 5. Nbd2 O-O 6. Ne5 c5 7. c3 c4 8. g4 Qc7 9. g5 Ne8 10. Rg1 Nc6 11. Ndf3 Kh8 12. Qd2 Ne7 13. h4 Nf5 14. h5 f6 15. Ng4 Bxf4 16. exf4 Ned6 17. h6 Ne4 18. hxg7+ Nxg7 19. Qe2 Nh5 20. Nxf6 Nhxf6 21. gxf6 Qxf4 22. Ne5 Nxf6 23. Rh1 Kg7 24. Rg1+ Kh8 25. Rh1 Kg7 26. f3 Rg8 27. b3 b5 28. Qf2 Kf8 29. Rb1 Bd7 30. bxc4 bxc4 31. Rh4 Qg5 32. Rg4 Qf5 33. Nxd7+ Nxd7 34. Rxg8+ Kxg8 35. Rb7 Rd8 36. Qg3+ Kh8 37. Qd6 Qxf3 38. Rxd7 Rxd7 39. Qxd7 Qxc3+ 40. Ke2 Qd3+ 41. Ke1 Qg3+ 42. Kd1 Qg4+ 43. Ke1 Qh4+ 44. Ke2 Qe4+ 45. Kd2 Qxd4+ 46. Ke1 Qc3+ 47. Kd1 Qa1+ 48. Ke2 Qxa2+ 49. Kf3 Qa3+ 50. Kg2 Qb2+ 51. Kh1 Qf6 52. Bh3 c3 53. Bxe6 c2 54. Qc8+ Kg7 55. Qc7+ Kh6 56. Qh2+ Kg7 57. Qc7+ Kh6 58. Qh2+ Kg7 1/2-1/2


[Site "http://www.Chess.com"]

[Event "FIDE World Rapid Chess Championship 2021"]
[White "Gumularz, Szymon"]
[Black "Adly, Ahmed"]
[WhiteFideId "1188062"]
[BlackFideId "10601619"]
[WhiteElo "2452"]
[BlackElo "2597"]
[Result "1/2-1/2"]
[Round "13"]
[TimeControl "900+10"]
[Date "2021.12.28"]
[WhiteClock "0:00:49"]
[BlackClock "0:02:51"]

1. e4 e6 2. d4 d5 3. Nd2 dxe4 4. Nxe4 Bd7 5. Nf3 Bc6 6. Bd3 Nd7 7. O-O Ngf6 8. Ng3 g6 9. Qe2 Bg7 10. Rd1 O-O 11. Ne5 Nxe5 12. dxe5 Nd7 13. Bb5 Qe7 14. Bxc6 bxc6 15. f4 Nb6 16. Ne4 Rfd8 17. Rxd8+ Rxd8 18. b3 Nd5 19. c4 Qb4 20. Bd2 Qb6+ 21. Qf2 Ne7 22. Be3 Qa5 23. Bxa7 Nf5 24. Bc5 h5 25. g3 Nh6 26. Qe2 Bf8 27. Nf6+ Kg7 28. Bxf8+ Kxf8 29. Rd1 Qa7+ 30. Kf1 Rxd1+ 31. Qxd1 Qxa2 32. Qd8+ Kg7 33. Ne8+ Kh7 34. Qf6 Qb1+ 35. Kg2 Qc2+ 36. Kh3 Qf5+ 37. Qxf5 Nxf5 38. Nxc7 Kg7 39. Na6 Nd4 40. Nc5 g5 41. Kg2 gxf4 42. gxf4 Kg6 43. Kf2 Kf5 44. Ke3 Nc2+ 45. Kd2 Nd4 46. Ke3 Nc2+ 47. Kd2 Nd4 48. Ke3 Nc2+ 49. Kd2 Nd4 50. Ke3 Nc2+ 51. Kd2 1/2-1/2


[Site "http://www.Chess.com"]

[Event "FIDE World Rapid Chess Championship 2021"]
[White "Kosakowski, Jakub"]
[Black "Timofeev, Artyom"]
[WhiteFideId "1185080"]
[BlackFideId "4140419"]
[WhiteElo "2304"]
[BlackElo "2591"]
[Result "1/2-1/2"]
[Round "13"]
[TimeControl "900+10"]
[Date "2021.12.28"]
[WhiteClock "0:01:26"]
[BlackClock "0:04:35"]

1. e4 c5 2. Nf3 Nc6 3. d4 cxd4 4. Nxd4 e5 5. Nb5 a6 6. Nd6+ Bxd6 7. Qxd6 Qe7 8. Qd1 Nf6 9. Nc3 d6 10. Be2 O-O 11. O-O h6 12. f4 Nd4 13. Bd3 b5 14. Qe1 Bb7 15. a3 Rac8 16. fxe5 dxe5 17. Qh4 Nd5 18. Qg4 Nf6 19. Qh4 Nd5 20. Qg4 Nxc3 21. bxc3 Qe6 22. Qxe6 Nxe6 23. a4 bxa4 24. Rxa4 Nc5 25. Rb4 a5 26. Rb5 Nxd3 27. cxd3 Ba6 28. Rxa5 Bxd3 29. Rd1 Bc2 30. Rd2 Bxe4 31. Rxe5 Rxc3 32. Bb2 Rc4 33. Re2 Bc6 34. R5e3 Rg4 35. h3 Rg6 36. Kh2 Rd8 37. Rg3 Kh7 38. Rxg6 Kxg6 39. Re3 f6 40. Bc3 Ra8 41. Re2 Ra4 42. Rf2 Rc4 43. Bb2 Kf7 44. Kg3 Be4 45. Rd2 Rb4 46. Kf2 Rb3 47. Bd4 g5 48. Ra2 Rd3 49. Bc5 Bd5 50. Ra7+ Kg6 51. Rd7 Kf5 52. Ke2 Bc4 53. Rxd3 Ke4 54. Kf2 Bxd3 55. Bf8 h5 56. Be7 Kf5 57. Bd8 Ke6 58. Ke3 Bb5 59. Kf2 Kf5 60. Be7 Kg6 61. Bd8 Bd7 62. Be7 h4 63. Bd8 f5 64. Be7 Kh5 65. Bd8 Bc6 66. Be7 g4 67. hxg4+ fxg4 68. g3 h3 69. Kg1 Kg6 70. Kh2 Kf5 71. Bd8 Ke5 1/2-1/2


[Site "http://www.Chess.com"]

[Event "FIDE World Rapid Chess Championship 2021"]
[White "Halkias, Stelios"]
[Black "Sindarov, Javokhir"]
[WhiteFideId "4201809"]
[BlackFideId "14205483"]
[WhiteElo "2576"]
[BlackElo "2353"]
[Result "1/2-1/2"]
[Round "13"]
[TimeControl "900+10"]
[Date "2021.12.28"]
[WhiteClock "0:00:17"]
[BlackClock "0:00:35"]

1. Nf3 g6 2. d4 Nf6 3. g3 c5 4. c3 Bg7 5. Bg2 O-O 6. O-O d6 7. dxc5 dxc5 8. Qxd8 Rxd8 9. Na3 Bf5 10. Be3 Nbd7 11. Rad1 Be4 12. Ng5 Bxg2 13. Kxg2 Kf8 14. h3 b6 15. Nc4 Ke8 16. Rd3 Nf8 17. Ne5 Rxd3 18. exd3 N6d7 19. Nc6 Ne5 20. Nxe5 Bxe5 21. Re1 Bg7 22. Kf1 Rd8 23. Ke2 Nd7 24. f4 Nf6 25. Ne4 Nd5 26. a4 Kd7 27. Ng5 f6 28. Nf3 f5 29. Bd2 e6 30. Kd1 Nc7 31. Kc2 Ke7 32. g4 Bf6 33. Rg1 Kf7 34. Rg2 Nd5 35. Rg1 Rc8 36. Kb3 Ne7 37. Be1 Nc6 38. Bh4 c4+ 39. Kc2 cxd3+ 40. Kxd3 Bxh4 41. Nxh4 Ne7 42. c4 Nc6 43. Nf3 Nb4+ 44. Ke3 Rd8 45. Ne5+ Kf6 46. g5+ Ke7 47. Rg2 a5 48. h4 Rd1 49. h5 gxh5 50. Rh2 Re1+ 51. Kf2 Re4 52. Rxh5 Rxf4+ 53. Kg3 Re4 54. Rxh7+ Kd6 55. Nf7+ Ke7 56. Nh6+ Kd6 57. g6 Re3+ 58. Kh4 Nc6 59. g7 Ne7 60. Kg5 Rg3+ 61. Kf6 f4 62. Nf7+ Kd7 63. Ne5+ Kd6 64. Nf7+ Kd7 65. Ne5+ Kd6 66. Rh8 f3 67. Rd8+ Kc7 68. Rd7+ Kc8 69. Rd1 Ng8+ 70. Kf7 Nh6+ 71. Kf8 Rg5 72. Nc6 e5 73. Rd6 f2 74. Ne7+ Kb7 75. Rf6 Ng4 76. Rf7 Kb8 77. Nc6+ Kc8 78. Na7+ Kb8 79. Nc6+ Kc8 80. Na7+ Kb8 81. Nc6+ Kc8 82. Re7 Rf5+ 83. Ke8 1/2-1/2


[Site "http://www.Chess.com"]

[Event "FIDE World Rapid Chess Championship 2021"]
[White "Ter-Sahakyan, Samvel"]
[Black "Muradli, Mahammad"]
[WhiteFideId "13302531"]
[BlackFideId "13409301"]
[WhiteElo "2573"]
[BlackElo "2285"]
[Result "1/2-1/2"]
[Round "13"]
[TimeControl "900+10"]
[Date "2021.12.28"]
[WhiteClock "0:00:28"]
[BlackClock "0:00:16"]

1. e4 c5 2. Nf3 d6 3. Bb5+ Bd7 4. Bxd7+ Nxd7 5. O-O Ngf6 6. Re1 e6 7. c3 Be7 8. d4 O-O 9. Nbd2 Rc8 10. Nf1 cxd4 11. cxd4 d5 12. e5 Ne4 13. Ng3 f5 14. exf6 Ndxf6 15. Be3 Qb6 16. Re2 Ng4 17. Qd3 Qc6 18. h3 Nxg3 19. fxg3 Nf6 20. Bg5 Rfe8 21. Bxf6 Bxf6 22. g4 Qc4 23. Qe3 h6 24. h4 e5 25. dxe5 Bd8 26. Kh1 Bb6 27. Qd2 Rcd8 28. e6 Qxg4 29. e7 Rd6 30. Rae1 Kh8 31. Re5 Qd7 32. Qd3 Ba5 33. R1e2 Kg8 34. a3 Bc7 35. b4 Rc6 36. Qxd5+ Qxd5 37. Rxd5 Rc1+ 38. Re1 Rxe1+ 39. Nxe1 Rxe7 40. Nf3 Re3 41. a4 Ra3 42. Kg1 Rxa4 43. b5 Bg3 44. Rd8+ Kh7 45. Kf1 Bxh4 46. Rd7 b6 47. Nd4 Bf6 48. Nc6 a6 49. bxa6 Rxa6 50. Rb7 Ra1+ 51. Ke2 Ra2+ 52. Kf3 Rb2 53. Nb8 b5 54. Nd7 Kg6 55. Nc5 Rb1 56. Ne6 h5 57. Nf4+ Kg5 58. Ne6+ Kh6 59. Rb8 Kg6 60. Rb6 Kf5 61. Nc7 Rb3+ 62. Ke2 b4 63. Nd5 Rb2+ 64. Kf3 b3 65. Rb5 Ke5 66. Nxf6+ Kxf6 67. Rxh5 g5 68. Rh6+ Ke5 69. Rg6 Ra2 70. Rb6 Ra3 71. Kg4 Kd4 72. Kxg5 Kc4 73. Kf6 Ra4 74. g4 Rb4 75. Re6 Kd5 76. Re5+ Kd4 77. Re1 Rb6+ 78. Kf7 Rb5 79. Kf6 b2 80. g5 b1=Q 81. Rxb1 Rxb1 82. g6 Rb6+ 83. Kf5 Rxg6 84. Kxg6 Ke5 1/2-1/2


[Site "http://www.Chess.com"]

[Event "FIDE World Rapid Chess Championship 2021"]
[White "Corrales Jimenez, Fidel"]
[Black "Sankalp, Gupta"]
[WhiteFideId "3506690"]
[BlackFideId "5097010"]
[WhiteElo "2561"]
[BlackElo "2266"]
[Result "0-1"]
[Round "13"]
[TimeControl "900+10"]
[Date "2021.12.28"]
[WhiteClock "0:01:41"]
[BlackClock "0:01:40"]

1. e4 e5 2. Nf3 Nf6 3. Nxe5 d6 4. Nf3 Nxe4 5. Nc3 Nxc3 6. dxc3 Be7 7. Be3 O-O 8. Qd2 Nd7 9. O-O-O Nf6 10. h4 d5 11. Bd3 c5 12. c4 d4 13. Bf4 Re8 14. Ng5 Bf8 15. Rde1 Rxe1+ 16. Rxe1 h6 17. Qe2 hxg5 18. hxg5 Ng4 19. g6 Qf6 20. gxf7+ Qxf7 21. Qe4 Nf6 22. Qe5 Bd7 23. Rh1 Qe6 24. Qc7 Bc6 25. f3 Rc8 26. Qa5 a6 27. Qd2 b5 28. b3 bxc4 29. bxc4 Bd6 30. Bg5 Bg3 31. Kb2 Re8 32. Qa5 Be1 33. Qxc5 Bc3+ 34. Kb1 Qc8 35. Qa3 Qc7 36. c5 Rb8+ 37. Kc1 Bb2+ 38. Qxb2 Rxb2 39. Kxb2 Bd5 40. Re1 Qxc5 41. Re5 Qb4+ 42. Kc1 Bxa2 43. Bd2 Qb1# 0-1


[Site "http://www.Chess.com"]

[Event "FIDE World Rapid Chess Championship 2021"]
[White "Theodorou, Nikolas"]
[Black "Suleymanli, Aydin"]
[WhiteFideId "4262875"]
[BlackFideId "13413937"]
[WhiteElo "2559"]
[BlackElo "2202"]
[Result "1-0"]
[Round "13"]
[TimeControl "900+10"]
[Date "2021.12.28"]
[WhiteClock "0:03:37"]
[BlackClock "0:03:55"]

1. d4 Nf6 2. c4 e6 3. g3 d5 4. Bg2 Be7 5. Nf3 O-O 6. O-O dxc4 7. Qc2 b6 8. Nfd2 Nd5 9. Nxc4 Ba6 10. Rd1 Nc6 11. a3 f5 12. Ne3 Na5 13. b4 Nxe3 14. fxe3 Nc4 15. Qa4 Bg5 16. Qxa6 Nxe3 17. Bxe3 Bxe3+ 18. Kh1 f4 19. Qd3 Rc8 20. Nc3 Qg5 21. Ne4 Qh6 22. Rf1 fxg3 23. Nxg3 Rfd8 24. d5 c6 25. d6 Bf4 26. d7 Rc7 27. Qf3 g5 28. e3 1-0


[Site "http://www.Chess.com"]

[Event "FIDE World Rapid Chess Championship 2021"]
[White "Oparin, Grigoriy"]
[Black "Zilka, Stepan"]
[WhiteFideId "24125890"]
[BlackFideId "315303"]
[WhiteElo "2725"]
[BlackElo "2474"]
[Result "1/2-1/2"]
[Round "13"]
[TimeControl "900+10"]
[Date "2021.12.28"]
[WhiteClock "0:05:48"]
[BlackClock "0:02:51"]

1. d4 Nf6 2. c4 e6 3. Nf3 d5 4. g3 Be7 5. Bg2 O-O 6. Qc2 dxc4 7. Qxc4 a6 8. Qc2 c5 9. dxc5 Qa5+ 10. Bd2 Qxc5 11. Qxc5 Bxc5 12. Ne5 Nbd7 13. Nd3 Ba7 14. Nc3 Re8 15. O-O e5 16. Nb4 Nb6 17. Bg5 a5 18. Nd3 e4 19. Nc5 Nc4 20. Bxf6 Bxc5 21. Nxe4 Rxe4 22. Bxe4 gxf6 23. Rfc1 Be6 24. b3 Bd4 25. bxc4 Bxa1 26. Rxa1 Bxc4 27. Bxb7 Rb8 28. Bf3 Rb2 29. a3 Bxe2 30. Bxe2 Rxe2 31. Rd1 Ra2 32. Rd3 f5 33. Kg2 Kg7 34. Kf3 Kg6 35. h4 h5 36. Ke3 f4+ 37. gxf4 a4 38. f3 f6 39. Rc3 Ra1 40. Kf2 Ra2+ 41. Kg3 Ra1 42. Kf2 Ra2+ 43. Ke3 Ra1 44. Ke4 Re1+ 45. Kd3 Ra1 46. Ke3 Ra2 47. Rd3 1/2-1/2


[Site "http://www.Chess.com"]

[Event "FIDE World Rapid Chess Championship 2021"]
[White "Harikrishna, Pentala"]
[Black "Yuffa, Daniil"]
[WhiteFideId "5007003"]
[BlackFideId "24131423"]
[WhiteElo "2705"]
[BlackElo "2514"]
[Result "1-0"]
[Round "13"]
[TimeControl "900+10"]
[Date "2021.12.28"]
[WhiteClock "0:03:29"]
[BlackClock "0:01:03"]

1. e4 c6 2. Nf3 d5 3. Nc3 Bg4 4. h3 Bxf3 5. Qxf3 e6 6. Be2 Bc5 7. O-O Ne7 8. Na4 Bd6 9. d4 dxe4 10. Qxe4 Nd7 11. c4 O-O 12. Nc3 Nf6 13. Qd3 Nf5 14. Rd1 h6 15. g3 Bc7 16. Bg4 Nd6 17. Bf4 a6 18. b3 Rc8 19. d5 Nxg4 20. hxg4 exd5 21. cxd5 c5 22. Kg2 Qf6 23. Na4 Bb8 24. Rac1 Ba7 25. Bxd6 Qxd6 26. Nc3 Rfe8 27. Ne4 Qe5 28. Re1 Red8 29. d6 Rc6 30. Rcd1 b5 31. f4 Qd4 32. Qf3 Qb4 33. Nf6+ gxf6 34. Qxc6 1-0


[Site "http://www.Chess.com"]

[Event "FIDE World Rapid Chess Championship 2021"]
[White "Michalik, Peter"]
[Black "Smirin, Ilia"]
[WhiteFideId "14907526"]
[BlackFideId "2801990"]
[WhiteElo "2515"]
[BlackElo "2663"]
[Result "0-1"]
[Round "13"]
[TimeControl "900+10"]
[Date "2021.12.28"]
[WhiteClock "0:01:01"]
[BlackClock "0:00:59"]

1. e4 c5 2. Nf3 e6 3. d4 cxd4 4. Nxd4 a6 5. Bd3 Bc5 6. Nb3 Ba7 7. Qe2 Nc6 8. Be3 d6 9. O-O Nf6 10. Rd1 e5 11. c4 Be6 12. Nc3 Nd7 13. Nd5 O-O 14. Rac1 Bxe3 15. Qxe3 b6 16. Be2 Nc5 17. Nd2 a5 18. h3 Ra7 19. Nf3 Rd7 20. Nc3 h6 21. Rd2 f5 22. exf5 Bxf5 23. Rcd1 Nb4 24. Ne1 Nc6 25. Bf3 Nd4 26. Bd5+ Kh8 27. Nf3 Nc2 28. Qe2 Nb4 29. Be4 Nxa2 30. Nxa2 Nxe4 31. Nxe5 Rc7 32. Rd4 Qf6 33. Nf3 Re7 34. Re1 Rff7 35. Qd1 Bg6 36. Re3 Ng5 37. Rxe7 Nxf3+ 38. Qxf3 Qxe7 39. Qd1 Rf6 40. Nc3 Re6 41. Qd2 Re1+ 42. Kh2 Rf1 43. f4 Bf5 44. Rd5 Bxh3 45. gxh3 Qh4 46. Kg2 Rxf4 47. Qe3 Rxc4 48. Rxd6 Rc5 49. Qe8+ Kh7 50. Qg6+ Kh8 51. Qe8+ Kh7 52. Qg6+ Kh8 53. Nd5 Rc8 54. Rd7 Qd4 55. Kg3 Qg1+ 0-1


[Site "http://www.Chess.com"]

[Event "FIDE World Rapid Chess Championship 2021"]
[White "Kovalev, Vladislav"]
[Black "Sadhwani, Raunak"]
[WhiteFideId "13504398"]
[BlackFideId "35093487"]
[WhiteElo "2647"]
[BlackElo "2454"]
[Result "1-0"]
[Round "13"]
[TimeControl "900+10"]
[Date "2021.12.28"]
[WhiteClock "0:08:00"]
[BlackClock "0:12:29"]

1. e4 e5 2. Nf3 Nc6 3. Bb5 Nge7 4. Nc3 Ng6 5. h4 Be7 6. h5 Nh4 7. Nxh4 Bxh4 8. Bxc6 bxc6 9. Qg4 Bf6 10. h6 g6 11. d3 d6 12. Qg3 O-O 13. Bd2 Be6 14. b3 Bh8 15. O-O Qd7 16. Rae1 Rae8 17. Ne2 c5 18. Bc3 f5 19. f4 fxe4 20. dxe4 exf4 21. Nxf4 Bxc3 22. Qxc3 Qe7 23. Nxe6 1-0


[Site "http://www.Chess.com"]

[Event "FIDE World Rapid Chess Championship 2021"]
[White "Quparadze, Giga"]
[Black "Heberla, Bartlomiej"]
[WhiteFideId "13602250"]
[BlackFideId "1115120"]
[WhiteElo "2583"]
[BlackElo "2437"]
[Result "1/2-1/2"]
[Round "13"]
[TimeControl "900+10"]
[Date "2021.12.28"]
[WhiteClock "0:16:43"]
[BlackClock "0:06:57"]

1. e4 e5 2. Nf3 Nc6 3. Bb5 a6 4. Ba4 d6 5. c3 Nf6 6. d4 Bd7 7. O-O g6 8. dxe5 Nxe5 9. Nxe5 dxe5 10. Bxd7+ Qxd7 11. Qf3 Qc6 12. Re1 Bg7 13. Bg5 O-O 14. Bxf6 Qxf6 15. Qe2 Rfd8 16. Na3 Rd7 17. Rad1 Rad8 18. Rxd7 Rxd7 19. Rd1 Qd8 20. Rxd7 Qxd7 21. h4 h5 22. Nc4 b5 23. Ne3 c6 24. b4 Bh6 25. Nf1 Qd8 26. g3 a5 27. a3 a4 28. c4 Qd7 29. cxb5 cxb5 30. Ne3 Bxe3 31. Qxe3 Qd1+ 32. Kg2 Qb3 33. Qc1 Qd3 34. Qc6 Kg7 35. Qb7 Qc4 36. Qa8 Kh7 37. Qb7 Kg7 38. Qa8 Kh7 39. Qb7 Kg7 1/2-1/2


[Site "http://www.Chess.com"]

[Event "FIDE World Rapid Chess Championship 2021"]
[White "Parligras, Mircea-Emilian"]
[Black "Holm, Kristian Stuvik"]
[WhiteFideId "1204297"]
[BlackFideId "1508083"]
[WhiteElo "2550"]
[BlackElo "2409"]
[Result "1-0"]
[Round "13"]
[TimeControl "900+10"]
[Date "2021.12.28"]
[WhiteClock "0:01:53"]
[BlackClock "0:02:56"]

1. d4 Nf6 2. c4 e6 3. Nf3 d5 4. Nc3 Be7 5. Bf4 O-O 6. a3 Nbd7 7. Nb5 Ne8 8. e3 a6 9. Nc3 dxc4 10. Bxc4 b5 11. Be2 c5 12. dxc5 Nxc5 13. Qxd8 Bxd8 14. O-O Bb7 15. b4 Nd7 16. Rfd1 Nef6 17. Bd6 Re8 18. Rac1 Be7 19. Bxe7 Rxe7 20. Nd4 Nd5 21. Nxd5 Bxd5 22. Rc7 Kf8 23. Nc6 Bxc6 24. Rxc6 Ne5 25. Rc5 Nd7 26. Rc3 Ne5 27. f4 Nc4 28. Bxc4 Rc7 29. Bd5 Rxc3 30. Bxa8 Rxe3 31. Ra1 1-0


[Site "http://www.Chess.com"]

[Event "FIDE World Rapid Chess Championship 2021"]
[White "Sychev, Klementy"]
[Black "Shoker, Samy"]
[WhiteFideId "4114060"]
[BlackFideId "627143"]
[WhiteElo "2461"]
[BlackElo "2550"]
[Result "1-0"]
[Round "13"]
[TimeControl "900+10"]
[Date "2021.12.28"]
[WhiteClock "0:09:19"]
[BlackClock "0:02:25"]

1. d4 g6 2. Nf3 Bg7 3. g3 Nf6 4. Bg2 O-O 5. O-O d6 6. a4 a5 7. Nc3 Nc6 8. Re1 Nd7 9. e4 h6 10. Be3 e5 11. Qd2 Kh7 12. Rad1 exd4 13. Nxd4 Nce5 14. Qe2 Nf6 15. h3 Re8 16. f4 Ned7 17. Ndb5 Rb8 18. Qc4 d5 19. exd5 c6 20. dxc6 bxc6 21. Bxc6 Rxe3 22. Rxe3 Qb6 23. Re1 Nc5 24. Bg2 Be6 25. Qe2 h5 26. Kh1 Rd8 27. b3 Qb8 28. Qf2 Qc8 29. Kh2 h4 30. g4 Bxg4 31. Qxh4+ Bh5 32. Qf2 Bh6 33. Re7 Rd7 34. Rxd7 Ncxd7 35. Ne4 Qb8 36. Ned6 Kg8 37. Kh1 Bf8 38. Qd4 Qd8 39. Qc4 g5 40. fxg5 Nh7 41. h4 Qb6 42. Qf4 Qc5 43. c4 Bg6 44. Bd5 Qb4 45. Rf1 Qxb3 46. Bxf7+ Bxf7 47. Qxf7+ Kh8 48. Qf3 Qa2 49. Nf7+ Kg8 50. Qd5 Nb6 51. Nh6+ Kh8 52. Qg8# 1-0


[Site "http://www.Chess.com"]

[Event "FIDE World Rapid Chess Championship 2021"]
[White "Bartel, Mateusz"]
[Black "Erigaisi, Arjun"]
[WhiteFideId "1112635"]
[BlackFideId "35009192"]
[WhiteElo "2543"]
[BlackElo "2397"]
[Result "1/2-1/2"]
[Round "13"]
[TimeControl "900+10"]
[Date "2021.12.28"]
[WhiteClock "0:01:48"]
[BlackClock "0:01:23"]

1. e4 c5 2. Nc3 e6 3. Nf3 a6 4. d4 cxd4 5. Nxd4 Qc7 6. f4 d6 7. Bd3 Nf6 8. Be3 Nbd7 9. g4 Nc5 10. g5 Nfd7 11. a4 b6 12. Be2 Bb7 13. Bf3 Rc8 14. O-O e5 15. Nd5 Qd8 16. Ne2 Be7 17. Nxe7 Qxe7 18. Ng3 g6 19. f5 a5 20. f6 Qf8 21. Rf2 Kd8 22. Rd2 Kc7 23. c3 h6 24. b4 Ne6 25. gxh6 Nf4 26. bxa5 bxa5 27. Rb1 Bc6 28. Bg4 Qxh6 29. Kf1 Rhd8 30. h3 Qh4 31. Rxd6 Qxg3 32. Rxc6+ Kxc6 33. Bxd7+ Rxd7 34. Rb6+ Kc7 35. Rb7+ Kxb7 36. Qxd7+ Rc7 37. Qb5+ Kc8 38. Qe8+ Kb7 39. Qb5+ Kc8 40. Qe8+ 1/2-1/2


[Site "http://www.Chess.com"]

[Event "FIDE World Rapid Chess Championship 2021"]
[White "Postny, Evgeny"]
[Black "Zvjaginsev, Vadim"]
[WhiteFideId "2804344"]
[BlackFideId "4113403"]
[WhiteElo "2454"]
[BlackElo "2539"]
[Result "1/2-1/2"]
[Round "13"]
[TimeControl "900+10"]
[Date "2021.12.28"]
[WhiteClock "0:02:26"]
[BlackClock "0:03:52"]

1. d4 d6 2. Nf3 Nf6 3. c4 g6 4. Nc3 Bf5 5. Nd2 e5 6. d5 h5 7. e4 Bc8 8. Nf3 Nbd7 9. Be2 Bh6 10. Bxh6 Rxh6 11. Qd2 Rh8 12. Ng5 Nh7 13. Nxh7 Rxh7 14. g3 a5 15. O-O-O Nc5 16. f4 Qe7 17. Rde1 Bd7 18. Bd1 Kf8 19. Rhf1 Kg7 20. f5 gxf5 21. exf5 Qf6 22. Bc2 Kh8 23. Ne4 Nxe4 24. Rxe4 b6 25. Rh4 Rg8 26. Qe2 Rg4 27. Rxg4 hxg4 28. Rf2 Qg5+ 29. Kb1 Rh6 30. a3 Kg7 31. Ka2 Kf8 32. Qe1 Ke7 33. c5 Kf8 34. cxb6 cxb6 35. Qc3 Rf6 36. Rf1 Kg7 37. Qd3 Rh6 38. Rf2 Rf6 39. Qe4 Bc8 40. Bd3 Bd7 41. Rf1 Bc8 42. Rf2 Bd7 43. Rf1 1/2-1/2


[Site "http://www.Chess.com"]

[Event "FIDE World Rapid Chess Championship 2021"]
[White "Durarbayli, Vasif"]
[Black "Kanarek, Marcel"]
[WhiteFideId "13402935"]
[BlackFideId "1126822"]
[WhiteElo "2532"]
[BlackElo "2296"]
[Result "1/2-1/2"]
[Round "13"]
[TimeControl "900+10"]
[Date "2021.12.28"]
[WhiteClock "0:05:56"]
[BlackClock "0:01:05"]

1. e4 c5 2. Nf3 e6 3. b3 Nc6 4. Bb2 a6 5. c4 Nf6 6. e5 Ng4 7. h3 Nh6 8. g4 d6 9. exd6 f6 10. d4 cxd4 11. Nxd4 Qxd6 12. Nxc6 Qxc6 13. Rg1 Nf7 14. Nc3 Bd7 15. Qe2 O-O-O 16. O-O-O Bd6 17. Kb1 Qc7 18. Bg2 Be5 19. h4 Kb8 20. Be4 Bc6 21. Rxd8+ Nxd8 22. Rc1 Bxe4+ 23. Qxe4 Nc6 24. Rd1 h5 25. Na4 Bxb2 26. Kxb2 Qe5+ 27. Qxe5+ Nxe5 28. gxh5 Rxh5 29. Rd8+ Kc7 30. Rg8 g6 31. Nc5 Nxc4+ 32. bxc4 Rxc5 33. Rxg6 Rxc4 34. Rxf6 Rxh4 1/2-1/2


[Site "http://www.Chess.com"]